[Event "2nd FIDE WCC Rapid G12"]
[Site "Minsk"]
[Date "2018.06.23"]
[Round "8"]
[White "Shubenkova, Veronika"]
[Black "Nguyen, Hong Nhung"]
[Result "1-0"]
[ECO "A80"]
[WhiteElo "1700"]
[BlackElo "1518"]
[Annotator "NA RC"]
[PlyCount "141"]
[EventDate "2018.06.22"]
[EventType "rapid"]
[EventCountry "BLR"]
[SourceTitle "playchess.com"]
[Source "ChessBase"]
[SourceQuality "1"]
[TimeControl "600+5"]

1. d4 f5 2. e3 Nf6 3. Nf3 g6 4. b3 Bg7 5. Bb2 O-O 6. Bd3 d6 7. Nbd2 Qe8 8. O-O Nbd7 9. e4 e5 10. dxe5 dxe5 11. Ba3 c5 12. Ng5 Qe7 13. Bc4+ Kh8 14. Ne6 b5 15. Nxf8 bxc4 16. Nxd7 Bxd7 17. Nxc4 Nxe4 18. Bb2 Rd8 19. Qe2 Bc6 20. f3 Nd6 21. Nxe5 Re8 22. Rfe1 Qc7 23. Qf1 Bb5 24. c4 Ba6 25. Nd3 Bxb2 26. Nxb2 Bb7 27. Rxe8+ Nxe8 28. Qe2 Nf6 29. Re1 Qf4 30. Qe3 Qh4 31. Nd3 g5 32. Nxc5 Bc8 33. Rd1 f4 34. Rd8+ Kg7 35. Qe7+ Kg6 36. Rxc8 g4 37. Rc6 gxf3 38. Rxf6+ Qxf6 39. Qxf6+ Kxf6 40. gxf3 Ke5 41. Nd3+ Kf5 42. Kf2 Kg5 43. c5 Kf5 44. c6 Ke6 45. Nxf4+ Kd6 46. Nh5 Kxc6 47. Nf6 h6 48. Kg3 Kd6 49. Kg4 Ke6 50. Ne4 Kf7 51. Nd6+ Kg6 52. a4 a5 53. Nc4 h5+ 54. Kg3 Kg5 55. Nxa5 Kf5 56. Nc4 Kg5 57. a5 Kf5 58. a6 Kg5 59. a7 h4+ 60. Kf2 h3 61. a8=Q Kh4 62. Qe4+ Kg5 63. Qg4+ Kf6 64. Ne3 Ke5 65. Qe4+ Kf6 66. Ng4+ Kf7 67. Qf5+ Ke7 68. Qf6+ Kd7 69. Ne5+ Kc7 70. Qc6+ Kd8 71. Qd7# 1-0

[Event "2nd FIDE WCC Rapid G12"]
[Site "Minsk"]
[Date "2018.06.23"]
[Round "8"]
[White "Cherepanova, Evita"]
[Black "Starosta, Martyna"]
[Result "1-0"]
[ECO "C50"]
[WhiteElo "1604"]
[BlackElo "1537"]
[Annotator "NA RC"]
[PlyCount "53"]
[EventDate "2018.06.22"]
[EventType "rapid"]
[EventCountry "BLR"]
[SourceTitle "playchess.com"]
[Source "ChessBase"]
[SourceQuality "1"]
[TimeControl "600+5"]

1. e4 e5 2. Nf3 Nc6 3. Bc4 Nf6 4. d3 Bc5 5. O-O O-O 6. c3 a6 7. Bb3 d6 8. h3 h6 9. Nbd2 Ne7 10. Re1 Ng6 11. Nf1 Re8 12. Ng3 d5 13. exd5 Nxd5 14. Ne4 Ba7 15. Bxh6 Nxc3 16. bxc3 gxh6 17. Qd2 Kg7 18. Ng3 Bd7 19. Nh5+ Kh7 20. Bxf7 Rf8 21. Bxg6+ Kxg6 22. Rxe5 Rg8 23. Rae1 c6 24. Re7 Kxh5 25. R1e5+ Kg6 26. Nh4+ Kf6 27. Qf4+ 1-0

[Event "2nd FIDE WCC Rapid G12"]
[Site "Minsk"]
[Date "2018.06.23"]
[Round "8"]
[White "Ivanytska, Liudmyla"]
[Black "Nguyen, Linh Dan"]
[Result "0-1"]
[ECO "B33"]
[WhiteElo "1545"]
[BlackElo "1325"]
[Annotator "NA RC"]
[PlyCount "110"]
[EventDate "2018.06.22"]
[EventType "rapid"]
[EventCountry "BLR"]
[SourceTitle "playchess.com"]
[Source "ChessBase"]
[SourceQuality "1"]
[TimeControl "600+5"]

1. e4 c5 2. Nf3 Nc6 3. d4 cxd4 4. Nxd4 Nf6 5. Nc3 e5 6. Ndb5 d6 7. Bg5 a6 8. Na3 b5 9. Nd5 Be7 10. Bxf6 Bxf6 11. c3 Bg5 12. Be2 O-O 13. O-O Ne7 14. Nxe7+ Qxe7 15. Nc2 Bb7 16. f3 d5 17. exd5 Qc5+ 18. Kh1 Qxd5 19. Nb4 Qxd1 20. Raxd1 Rfd8 21. h3 Be7 22. Nc2 Rac8 23. Ne3 Bc5 24. Nf5 g6 25. Nh6+ Kg7 26. Ng4 f6 27. Nh2 Bd5 28. Ra1 Be6 29. Rfd1 Bb6 30. a4 bxa4 31. Bxa6 Bb3 32. Rxd8 Rxd8 33. Nf1 Kf7 34. g4 f5 35. Bb5 fxg4 36. hxg4 Kf6 37. Kg2 Kg5 38. Re1 Rd5 39. c4 Rc5 40. Nd2 Bc2 41. Ne4+ Bxe4 42. Rxe4 Bc7 43. Bxa4 Ra5 44. b3 Bd6 45. Re1 Ra8 46. Rd1 Bb4 47. Rd5 Kf4 48. Rd7 h6 49. Kf2 Bc5+ 50. Ke2 Kg3 51. Rh7 Rd8 52. Rxh6 g5 53. Rf6 Bb4 54. Rf5 Rd2+ 55. Ke3 Rf2 0-1

[Event "2nd FIDE WCC Rapid G12"]
[Site "Minsk"]
[Date "2018.06.23"]
[Round "8"]
[White "Andrukhovich, Elizaveta"]
[Black "Blokhin, Sofia"]
[Result "0-1"]
[ECO "B23"]
[WhiteElo "1472"]
[BlackElo "1500"]
[Annotator "NA RC"]
[PlyCount "116"]
[EventDate "2018.06.22"]
[EventType "rapid"]
[EventCountry "BLR"]
[SourceTitle "playchess.com"]
[Source "ChessBase"]
[SourceQuality "1"]
[TimeControl "600+5"]

1. e4 c5 2. Nc3 e6 3. g3 g6 4. Bg2 Bg7 5. d3 Ne7 6. f4 O-O 7. Nf3 Nbc6 8. O-O d5 9. exd5 exd5 10. Ne2 b6 11. d4 Nf5 12. c3 Ba6 13. g4 Nfe7 14. Re1 f5 15. g5 c4 16. Ne5 b5 17. Ng3 Nxe5 18. dxe5 Bb7 19. Ne2 Qb6+ 20. Nd4 a6 21. Be3 Rfe8 22. Nxf5 Qe6 23. Nd6 Reb8 24. Bc5 Bc6 25. Qd4 Nc8 26. Nxc8 Rxc8 27. Rad1 Rd8 28. Bd6 Rxd6 29. exd6 Bxd4+ 30. cxd4 Qxd6 31. Re5 Re8 32. Rde1 Rxe5 33. fxe5 Qe6 34. Rf1 Qg4 35. Rf6 Qxd4+ 36. Kf1 Qc5 37. e6 Qe7 38. Bh3 d4 39. Rf4 Qxg5 40. Rg4 Qf5+ 41. Ke1 Qxe6+ 42. Kd2 Qxg4 43. Bxg4 Kf7 44. h4 Kf6 45. Bc8 a5 46. Ba6 Ke5 47. b3 c3+ 48. Kd1 Ke4 49. a4 bxa4 50. bxa4 Bxa4+ 51. Kc1 Ke3 52. Bc4 d3 53. h5 d2+ 54. Kb1 d1=Q+ 55. Ka2 Qd2+ 56. Ka3 c2 57. hxg6 c1=Q+ 58. Kxa4 Qb4# 0-1

[Event "2nd FIDE WCC Rapid G12"]
[Site "Minsk"]
[Date "2018.06.23"]
[Round "8"]
[White "Khabibullaeva, Mokhinur"]
[Black "Tarasenka, Aliaksandra"]
[Result "1-0"]
[ECO "A81"]
[WhiteElo "1462"]
[BlackElo "1747"]
[Annotator "NA RC"]
[PlyCount "177"]
[EventDate "2018.06.22"]
[EventType "rapid"]
[EventCountry "BLR"]
[SourceTitle "playchess.com"]
[Source "ChessBase"]
[SourceQuality "1"]
[TimeControl "600+5"]

1. d4 f5 2. g3 g6 3. Bg2 Bg7 4. Nf3 Nf6 5. O-O d6 6. b3 O-O 7. Bb2 Nc6 8. c4 e5 9. dxe5 Ng4 10. Qc2 dxe5 11. Rd1 Qe8 12. h3 e4 13. Bxg7 Kxg7 14. Qb2+ Nf6 15. Nd4 Be6 16. Nc3 Rd8 17. Ncb5 Nxd4 18. Nxd4 c6 19. Rd2 Bf7 20. e3 Qe7 21. Rad1 Kg8 22. Bf1 Nd7 23. Qc3 Ne5 24. Be2 c5 25. Nb5 a6 26. Nd6 Nc6 27. Nxf7 Qxf7 28. Rd5 b6 29. Qd2 Rxd5 30. cxd5 Ne5 31. Kg2 b5 32. Qc3 Nd7 33. a4 b4 34. Qb2 a5 35. Bc4 Qf6 36. d6+ Kg7 37. Qc2 Rd8 38. Bb5 Qe5 39. Bc6 Nb8 40. Rd5 Qe6 41. Qxc5 Nxc6 42. Qxc6 Rc8 43. Qb7+ Kf6 44. d7 Rd8 45. Qc7 Qe7 46. Rd6+ Kf7 47. Qc4+ Kf8 48. Qd5 h6 49. Rxg6 Qxd7 50. Qg8+ Ke7 51. Rg7+ Kf6 52. Rg6+ Ke5 53. Qc4 Qd5 54. Qc7+ Rd6 55. Qe7+ Re6 56. Rxe6+ Qxe6 57. Qxe6+ Kxe6 58. f3 Ke5 59. g4 f4 60. exf4+ Kxf4 61. fxe4 Kxe4 62. Kg3 Kd3 63. h4 Kc3 64. g5 Kxb3 65. gxh6 Ka2 66. h7 b3 67. h8=Q b2 68. Qg8+ Ka1 69. Qg7 Ka2 70. Qf7+ Ka1 71. Qf6 Ka2 72. Qe6+ Ka1 73. Qe5 Ka2 74. Qd5+ Ka1 75. Qd4 Ka2 76. Qc4+ Ka1 77. Qc3 Ka2 78. Qc2 Ka1 79. h5 b1=Q 80. Qxb1+ Kxb1 81. h6 Ka2 82. h7 Ka3 83. h8=Q Kxa4 84. Qa1+ Kb4 85. Kf3 a4 86. Ke3 Kb3 87. Kd3 a3 88. Kd2 a2 89. Kc1 1-0

[Event "2nd FIDE WCC Rapid G12"]
[Site "Minsk"]
[Date "2018.06.23"]
[Round "8"]
[White "Shaban, Aliaksandra"]
[Black "Kudryavtseva, Anastasia"]
[Result "1-0"]
[ECO "E70"]
[WhiteElo "1425"]
[BlackElo "1420"]
[Annotator "NA RC"]
[PlyCount "101"]
[EventDate "2018.06.22"]
[EventType "rapid"]
[EventCountry "BLR"]
[SourceTitle "playchess.com"]
[Source "ChessBase"]
[SourceQuality "1"]
[TimeControl "600+5"]

1. d4 Nf6 2. c4 g6 3. Nc3 Bg7 4. e4 d6 5. Bg5 h6 6. Be3 O-O 7. Be2 c6 8. h3 e5 9. d5 c5 10. a3 a6 11. b4 Nbd7 12. Qc2 b6 13. Nf3 Bb7 14. Rb1 Qc7 15. Nd2 Kh7 16. Nb3 Rfb8 17. O-O Qd8 18. f4 exf4 19. Bxf4 Qe7 20. bxc5 bxc5 21. Na5 Ne5 22. Bxe5 dxe5 23. Na4 Ra7 24. Kh1 Qc7 25. Nb3 Bc8 26. Nbxc5 Bd7 27. Nxd7 Qxd7 28. Rxb8 Qd6 29. Rbb1 Qxa3 30. c5 Qe3 31. Bd3 Nh5 32. Rf3 Qg5 33. c6 Nf4 34. Nc5 a5 35. d6 Bf8 36. Nb7 a4 37. Bf1 Qf6 38. c7 Bxd6 39. Nxd6 Qxd6 40. c8=Q a3 41. Qa2 Kg7 42. Qcc2 Rc7 43. Qcb3 Ra7 44. Rd1 Qe7 45. Qa1 f6 46. Qba2 Ne6 47. Rxa3 Rc7 48. Bc4 Nd4 49. Ra7 g5 50. Rxc7 Qxc7 51. Qa7 {[%emt 0:00:05] Qd8} 1-0

[Event "2nd FIDE WCC Rapid G12"]
[Site "Minsk"]
[Date "2018.06.23"]
[Round "8"]
[White "Osmolovska, Yevheniia"]
[Black "Dubovyk, Anastasiia"]
[Result "0-1"]
[ECO "A05"]
[WhiteElo "1391"]
[BlackElo "1721"]
[Annotator "NA RC"]
[PlyCount "86"]
[EventDate "2018.06.22"]
[EventType "rapid"]
[EventCountry "BLR"]
[SourceTitle "playchess.com"]
[Source "ChessBase"]
[SourceQuality "1"]
[TimeControl "600+5"]

1. Nf3 Nf6 2. c4 c5 3. g3 g6 4. Bg2 Bg7 5. O-O O-O 6. e3 d6 7. d4 Nbd7 8. Nc3 a6 9. a4 Rb8 10. a5 Qc7 11. Qe2 b6 12. axb6 Nxb6 13. b3 Bb7 14. Bb2 Rfd8 15. Ba3 Nfd7 16. Rac1 e5 17. Rfd1 exd4 18. exd4 Re8 19. Qd3 Bxf3 20. Bxf3 Bxd4 21. Bg2 Ne5 22. Qc2 Ng4 23. Rd2 f5 24. h3 Nf6 25. Ne2 Ne4 26. Bxe4 Rxe4 27. Nxd4 cxd4 28. f3 Re3 29. Kf2 Qb7 30. Qd1 Rbe8 31. Rxd4 Nc8 32. Rd3 Qe7 33. Rc2 Re1 34. Qd2 Qa7+ 35. Rd4 R1e2+ 36. Qxe2 Qxd4+ 37. Kf1 Rxe2 38. Kxe2 Qa1 39. Bb2 Qh1 40. h4 Qg2+ 41. Kd1 Qxf3+ 42. Kc1 Qxg3 43. Kb1 Qxb3 0-1

[Event "2nd FIDE WCC Rapid G12"]
[Site "Minsk"]
[Date "2018.06.23"]
[Round "8"]
[White "Shokirjonova, Barchinoy"]
[Black "Mikheeva, Galina"]
[Result "0-1"]
[ECO "C50"]
[WhiteElo "1247"]
[BlackElo "1492"]
[Annotator "NA RC"]
[PlyCount "168"]
[EventDate "2018.06.22"]
[EventType "rapid"]
[EventCountry "BLR"]
[SourceTitle "playchess.com"]
[Source "ChessBase"]
[SourceQuality "1"]
[TimeControl "600+5"]

1. e4 e5 2. Nf3 Nc6 3. Bc4 Bc5 4. O-O Nf6 5. d3 O-O 6. Bg5 Be7 7. Nc3 h6 8. Be3 d6 9. h3 Na5 10. Bb3 Nxb3 11. axb3 Be6 12. d4 exd4 13. Nxd4 Bd7 14. f4 c5 15. Nde2 Bc6 16. Ng3 d5 17. exd5 Nxd5 18. Nxd5 Bxd5 19. Nf5 Be4 20. Qg4 Bxf5 21. Qxf5 Qc7 22. Qg4 Bf6 23. c3 Rfe8 24. Rae1 Kh8 25. Qh5 b6 26. f5 Kg8 27. Qg4 Kh7 28. Rf3 Qb7 29. Rff1 Qc7 30. Qh5 Qb7 31. Qf3 Qxf3 32. Rxf3 Re4 33. Bd2 Rxe1+ 34. Bxe1 Re8 35. Kf2 Bg5 36. g3 Bc1 37. c4 Bxb2 38. g4 Bd4+ 39. Kf1 Re7 40. Rd3 g6 41. Bg3 Re8 42. fxg6+ fxg6 43. Be1 Kg8 44. Bd2 Kg7 45. Rf3 h5 46. gxh5 gxh5 47. Rf5 Re5 48. Rxe5 Bxe5 49. Kg2 Kg6 50. Kf3 Kf5 51. Bh6 a6 52. Bf8 Bd4 53. Be7 b5 54. cxb5 axb5 55. Bf8 c4 56. bxc4 bxc4 57. Bh6 Bf6 58. Bc1 c3 59. Ba3 Kg5 60. Kg2 Kf4 61. Bc1+ Ke4 62. Kf2 Kd3 63. Bf4 Kc2 64. Ke2 Kb1 65. Kd3 c2 66. Bd2 Bb2 67. Be3 Bc1 68. Bc5 Bg5 69. Ba3 h4 70. Ke2 Ka2 71. Kd3 Kb3 72. Bc1 Bxc1 73. Ke4 Bg5 74. Kf3 c1=Q 75. Kg4 Bd8 76. Kf5 Qg5+ 77. Ke4 Qc5 78. Kf3 Qd4 79. Kg2 Qe3 80. Kf1 Qd2 81. Kg1 Bb6+ 82. Kh1 Bc7 83. Kg1 Bg3 84. Kh1 Qh2# 0-1

[Event "2nd FIDE WCC Rapid G12"]
[Site "Minsk"]
[Date "2018.06.23"]
[Round "9"]
[White "Krupnova, Anna"]
[Black "Fedoricheva, Ekaterina"]
[Result "1-0"]
[ECO "D02"]
[WhiteElo "1761"]
[BlackElo "1544"]
[Annotator "NA RC"]
[PlyCount "115"]
[EventDate "2018.06.22"]
[EventType "rapid"]
[EventCountry "BLR"]
[SourceTitle "playchess.com"]
[Source "ChessBase"]
[SourceQuality "1"]
[TimeControl "600+5"]

1. d4 d5 2. Nf3 Nf6 3. g3 e6 4. Bg2 Be7 5. O-O O-O 6. c4 dxc4 7. Qa4 Nbd7 8. Qxc4 Nb6 9. Qc2 Bd7 10. Nc3 Bc6 11. Rd1 h6 12. e4 Bb4 13. Ne5 Qe8 14. Qe2 Bxc3 15. bxc3 Ba4 16. Re1 Nfd7 17. Nxd7 Qxd7 18. Bf4 Bb5 19. Qc2 Rad8 20. h4 Qc6 21. Qc1 Na4 22. Bd2 Qa6 23. e5 Bc6 24. Bf1 Qa5 25. Bd3 Qd5 26. Be4 Qc4 27. h5 Bxe4 28. Rxe4 Nc5 29. Rg4 Nd3 30. Qd1 f5 31. exf6 Rxf6 32. Qe2 Rxf2 33. Qe3 Rf6 34. Re4 Re8 35. Qe2 Qa6 36. Qe3 Nb2 37. Re1 Nc4 38. Qd3 Nxd2 39. Qxd2 Rf3 40. Qg2 Qd3 41. Rg4 Re3 42. Rf1 Qxc3 43. Qf2 Kh8 44. Rxg7 Qxd4 45. Rg6 Re4 46. Rxh6+ Kg7 47. Rg6+ Kh7 48. Qxd4 Rxd4 49. Rf7+ Kh8 50. Rgg7 e5 51. Rh7+ Kg8 52. Rhg7+ Kh8 53. Rh7+ Kg8 54. Rfg7+ Kf8 55. h6 Rd1+ 56. Kg2 Rd2+ 57. Kh3 Re6 58. Rh8# 1-0

[Event "2nd FIDE WCC Rapid G12"]
[Site "Minsk"]
[Date "2018.06.23"]
[Round "9"]
[White "Tarasenka, Aliaksandra"]
[Black "Gaal, Zsoka"]
[Result "1-0"]
[ECO "D85"]
[WhiteElo "1747"]
[BlackElo "2060"]
[Annotator "NA RC"]
[PlyCount "153"]
[EventDate "2018.06.22"]
[EventType "rapid"]
[EventCountry "BLR"]
[SourceTitle "playchess.com"]
[Source "ChessBase"]
[SourceQuality "1"]
[TimeControl "600+5"]

1. d4 Nf6 2. c4 g6 3. Nc3 d5 4. cxd5 Nxd5 5. e3 Bg7 6. Nf3 O-O 7. Bc4 Nxc3 8. bxc3 c5 9. O-O Qc7 10. Bd3 Nc6 11. Ba3 cxd4 12. cxd4 Qa5 13. Bb2 Bg4 14. h3 Bxf3 15. Qxf3 Rad8 16. Be4 Rc8 17. Rfc1 Qb4 18. Rab1 Qa4 19. a3 e5 20. Bxc6 bxc6 21. dxe5 c5 22. Qd5 Qc6 23. Rd1 Qxd5 24. Rxd5 c4 25. Rc1 Rb8 26. Bd4 Rfc8 27. Bxa7 Ra8 28. Bc5 Bf8 29. Rxc4 Bxc5 30. Rdxc5 Rxc5 31. Rxc5 Rxa3 32. Kh2 Kf8 33. Kg3 Ke7 34. Kf4 Ra2 35. Kf3 Ke6 36. g4 Ra4 37. Kg3 Ra3 38. Rc7 Rb3 39. Kf3 h5 40. gxh5 gxh5 41. Kg3 Kxe5 42. Rxf7 Rb2 43. Rh7 h4+ 44. Rxh4 Kf5 45. Rc4 Kg5 46. h4+ Kg6 47. Rc5 Rb1 48. e4 Rg1+ 49. Kf4 Rh1 50. h5+ Kf7 51. Ke3 Rh4 52. f4 Rh3+ 53. Kd4 Ke7 54. Rg5 Ra3 55. f5 Ra4+ 56. Ke5 Ra5+ 57. Kf4 Ra1 58. h6 Rh1 59. Rg6 Kf7 60. Ke5 Ra1 61. h7 Rh1 62. Ra6 Kg7 63. Ra7+ Kh8 64. Ra8+ Kxh7 65. Ke6 Rh6+ 66. f6 Rg6 67. e5 Rh6 68. Kf7 Rh1 69. e6 Rb1 70. e7 Rb7 71. Kf8 Rb6 72. e8=Q Rxf6+ 73. Ke7 Rf1 74. Qf7+ Kh6 75. Qxf1 Kh7 76. Kf7 Kh6 77. Qf4+ 1-0

[Event "2nd FIDE WCC Rapid G12"]
[Site "Minsk"]
[Date "2018.06.23"]
[Round "9"]
[White "Omonova, Umida"]
[Black "Shubenkova, Veronika"]
[Result "1/2-1/2"]
[ECO "B42"]
[WhiteElo "1733"]
[BlackElo "1700"]
[Annotator "NA RC"]
[PlyCount "53"]
[EventDate "2018.06.22"]
[EventType "rapid"]
[EventCountry "BLR"]
[SourceTitle "playchess.com"]
[Source "ChessBase"]
[SourceQuality "1"]
[TimeControl "600+5"]

1. e4 c5 2. Nf3 e6 3. d4 cxd4 4. Nxd4 a6 5. Bd3 Qc7 6. O-O Nf6 7. Nc3 Be7 8. Be3 O-O 9. Qe2 d6 10. Rad1 Nbd7 11. Kh1 Ne5 12. f4 Nc6 13. Nxc6 bxc6 14. Bg1 Bb7 15. e5 dxe5 16. fxe5 Nd5 17. Nxd5 cxd5 18. Rf3 Qd7 19. Rdf1 f5 20. exf6 Bxf6 21. b3 e5 22. Rh3 h6 23. Bf5 Qe7 24. Qg4 Bg5 25. Rhf3 e4 26. Be6+ Kh8 27. Rf7 1/2-1/2

[Event "2nd FIDE WCC Rapid G12"]
[Site "Minsk"]
[Date "2018.06.23"]
[Round "9"]
[White "Dubovyk, Anastasiia"]
[Black "Cherepanova, Evita"]
[Result "1-0"]
[ECO "C02"]
[WhiteElo "1721"]
[BlackElo "1604"]
[Annotator "NA RC"]
[PlyCount "63"]
[EventDate "2018.06.22"]
[EventType "rapid"]
[EventCountry "BLR"]
[SourceTitle "playchess.com"]
[Source "ChessBase"]
[SourceQuality "1"]
[TimeControl "600+5"]

1. e4 e6 2. d4 d5 3. e5 c5 4. c3 Nc6 5. Nf3 Qb6 6. a3 c4 7. Nbd2 Na5 8. Be2 Bd7 9. O-O Ne7 10. Rb1 Qc7 11. g3 f6 12. Kg2 Nc8 13. Qe1 Nb6 14. Bd1 Be7 15. Bc2 O-O-O 16. Qd1 h5 17. Nh4 Be8 18. Ndf3 Bf7 19. Bg6 Bxg6 20. Nxg6 Rhg8 21. Bf4 Qd7 22. Nfh4 Qe8 23. Qxh5 fxe5 24. Nxe7+ Qxe7 25. Bg5 Qd7 26. Bxd8 Qxd8 27. Qxe5 Qe8 28. Rbe1 Nd7 29. Qxe6 Qd8 30. Qxd5 g5 31. Nf5 Kb8 32. Re7 1-0

[Event "2nd FIDE WCC Rapid G12"]
[Site "Minsk"]
[Date "2018.06.23"]
[Round "9"]
[White "Nguyen, Hong Nhung"]
[Black "Nguyen, Linh Dan"]
[Result "1-0"]
[ECO "B24"]
[WhiteElo "1518"]
[BlackElo "1325"]
[Annotator "NA RC"]
[PlyCount "83"]
[EventDate "2018.06.22"]
[EventType "rapid"]
[EventCountry "BLR"]
[SourceTitle "playchess.com"]
[Source "ChessBase"]
[SourceQuality "1"]
[TimeControl "600+5"]

1. e4 c5 2. Nc3 Nc6 3. g3 g6 4. Bg2 Bg7 5. d3 e5 6. Be3 d6 7. Qd2 Nge7 8. Nge2 Be6 9. O-O O-O 10. f4 f5 11. fxe5 Nxe5 12. Bh6 Ng4 13. Bxg7 Kxg7 14. Nf4 Bf7 15. h3 Ne5 16. Rae1 Rb8 17. exf5 Nxf5 18. Kh2 Kh8 19. Ne4 b6 20. Qc3 Nd4 21. Ne2 Nxe2 22. Rxe2 Bd5 23. Nxd6 Qxd6 24. Rxe5 Bxg2 25. Rd5+ Kg8 26. Rxd6 Bxf1 27. Rd7 Rf7 28. Qc4 Rbf8 29. Rxa7 b5 30. Qd5 c4 31. d4 c3 32. b3 Kg7 33. Qe5+ Kg8 34. Qe6 Kg7 35. Rxf7+ Rxf7 36. Qe5+ Kh6 37. Qe3+ Kg7 38. d5 b4 39. d6 Rd7 40. Qf4 Bb5 41. Qxb4 Bc6 42. Qxc3+ 1-0

[Event "2nd FIDE WCC Rapid G12"]
[Site "Minsk"]
[Date "2018.06.23"]
[Round "9"]
[White "Blokhin, Sofia"]
[Black "Nguyen, Le Cam Hien"]
[Result "1-0"]
[ECO "B01"]
[WhiteElo "1500"]
[BlackElo "1614"]
[Annotator "NA RC"]
[PlyCount "187"]
[EventDate "2018.06.22"]
[EventType "rapid"]
[EventCountry "BLR"]
[SourceTitle "playchess.com"]
[Source "ChessBase"]
[SourceQuality "1"]
[TimeControl "600+5"]

1. e4 d5 2. exd5 Qxd5 3. Nc3 Qa5 4. Nf3 Nf6 5. d4 c6 6. Bc4 Bf5 7. O-O e6 8. Bd2 Qc7 9. h3 Be7 10. Re1 O-O 11. Nh4 Bg6 12. Nxg6 hxg6 13. Qf3 Nd5 14. Ne4 Nd7 15. Bd3 c5 16. c4 N5f6 17. Bf4 Qb6 18. dxc5 Nxc5 19. Be3 Qc7 20. Bxc5 Bxc5 21. Nxf6+ gxf6 22. Qxf6 Qb6 23. Re4 e5 24. Qxb6 Bxb6 25. Rxe5 Rad8 26. Rd5 Rxd5 27. cxd5 Rd8 28. Bc4 Bc5 29. a3 Bd6 30. b3 Re8 31. g3 Kg7 32. Kg2 Kf6 33. a4 Re5 34. Rd1 Re4 35. Rd3 Ke5 36. Rf3 f5 37. Rd3 Kf6 38. Kf3 Ke5 39. h4 Re1 40. Re3+ Rxe3+ 41. Kxe3 Bc5+ 42. Kf3 a5 43. Ke2 b6 44. Kf3 Bd6 45. g4 fxg4+ 46. Kxg4 Kf6 47. f4 Bc7 48. Bb5 Bd6 49. Bd7 Bf8 50. Be6 Bd6 51. f5 gxf5+ 52. Bxf5 Bf8 53. Be6 Bh6 54. Bg8 Bf8 55. h5 Kg7 56. Be6 Kf6 57. Bf5 Ke5 58. Kg5 Kxd5 59. Kg6 Kc5 60. h6 Bd6 61. h7 Be5 62. Kf7 b5 63. Kg8 Kb4 64. Bc2 bxa4 65. bxa4 Kc3 66. Bf5 Kb4 67. Bd7 Kc5 68. h8=Q Bxh8 69. Kxh8 Kd6 70. Bb5 Ke7 71. Kh7 Kf7 72. Bc4+ Kf6 73. Kg8 Ke7 74. Kg7 Kd6 75. Kf6 Kc5 76. Bb5 Kd6 77. Be8 Kc5 78. Ke5 Kb6 79. Kd5 Kc7 80. Kc5 Kd8 81. Bc6 Kc7 82. Kb5 Kb8 83. Kxa5 Ka7 84. Kb5 Kb8 85. a5 Ka7 86. Bd5 Kb8 87. Kb6 Kc8 88. a6 Kd7 89. a7 Kd8 90. a8=Q+ Kd7 91. Qc6+ Ke7 92. Qe6+ Kd8 93. Qf7 Kc8 94. Qc7# 1-0

[Event "2nd FIDE WCC Rapid G12"]
[Site "Minsk"]
[Date "2018.06.23"]
[Round "9"]
[White "Mikheeva, Galina"]
[Black "Shaban, Aliaksandra"]
[Result "0-1"]
[ECO "B04"]
[WhiteElo "1492"]
[BlackElo "1425"]
[Annotator "NA RC"]
[PlyCount "86"]
[EventDate "2018.06.22"]
[EventType "rapid"]
[EventCountry "BLR"]
[SourceTitle "playchess.com"]
[Source "ChessBase"]
[SourceQuality "1"]
[TimeControl "600+5"]

1. e4 Nf6 2. e5 Nd5 3. d4 d6 4. Nf3 g6 5. Bc4 Nb6 6. Bb3 Nc6 7. exd6 cxd6 8. O-O Bg7 9. h3 O-O 10. c3 d5 11. Bf4 Bf5 12. Re1 Rc8 13. Nbd2 a5 14. Nf1 Kh8 15. Ng3 Qd7 16. Nxf5 Qxf5 17. Bh2 Qd7 18. Ne5 Nxe5 19. Bxe5 f6 20. Bg3 a4 21. Bc2 Nc4 22. Bxa4 b5 23. Bb3 Nxb2 24. Qe2 Na4 25. Bxa4 bxa4 26. Qxe7 Qxe7 27. Rxe7 Rxc3 28. Rd7 Rd3 29. Rxd5 f5 30. Rb1 f4 31. Bh4 h6 32. Be7 Re8 33. Bc5 Rd2 34. a3 Ree2 35. Rd8+ Kh7 36. d5 Rc2 37. Bb6 Rcd2 38. d6 Re5 39. Rb4 Re1+ 40. Kh2 g5 41. Rxa4 Rdd1 42. g3 f3 43. g4 Be5+ 0-1

[Event "2nd FIDE WCC Rapid G12"]
[Site "Minsk"]
[Date "2018.06.23"]
[Round "9"]
[White "Khabibullaeva, Mokhinur"]
[Black "Alekseenko, Mariya"]
[Result "0-1"]
[ECO "A43"]
[WhiteElo "1462"]
[BlackElo "1763"]
[Annotator "NA RC"]
[PlyCount "118"]
[EventDate "2018.06.22"]
[EventType "rapid"]
[EventCountry "BLR"]
[SourceTitle "playchess.com"]
[Source "ChessBase"]
[SourceQuality "1"]
[TimeControl "600+5"]

1. d4 Nf6 2. Nf3 c5 3. d5 d6 4. Nc3 Nbd7 5. e4 e5 6. g3 g6 7. Bg2 a6 8. a4 Bg7 9. O-O O-O 10. h3 Ne8 11. Ne1 f5 12. f4 exf4 13. Bxf4 Ne5 14. Nd3 Qe7 15. Nxe5 Bxe5 16. Bxe5 Qxe5 17. Qf3 Ng7 18. Rae1 Bd7 19. Qd3 f4 20. gxf4 Rxf4 21. Rxf4 Qxf4 22. Rf1 Qe5 23. Qf3 Qe7 24. b3 Rf8 25. Qxf8+ Qxf8 26. Rxf8+ Kxf8 27. Kf2 Nh5 28. Kf3 Nf6 29. Nd1 b5 30. axb5 axb5 31. Ne3 Ke7 32. Bf1 Ng8 33. Kf4 Kf6 34. Ng4+ Bxg4 35. hxg4 g5+ 36. Ke3 b4 37. Be2 Ke5 38. Bd1 Nf6 39. Bf3 h6 40. Kd3 Kf4 41. Bh1 Nxg4 42. Bg2 Ke5 43. Bf3 Nf6 44. Bg2 g4 45. Bh1 h5 46. Bg2 h4 47. Bf1 h3 48. Be2 g3 49. c3 bxc3 50. Kxc3 g2 51. b4 cxb4+ 52. Kxb4 g1=Q 53. Kb5 Nxe4 54. Bf1 Qc5+ 55. Ka6 Nc3 56. Bb5 Qxb5+ 57. Ka7 Kxd5 58. Ka8 Kc6 59. Ka7 Qb7# 0-1